 Dungeon Crawl Stone Soup version 0.23-a0-642-g3120c2f (webtiles) character file.

29 woundedspider the Caller (level 3, 0/24 HPs)
             Began as a Merfolk Summoner on Dec 31, 2018.
             Succumbed to an adder's poison
             ... on level 2 of the Dungeon.
             The game lasted 00:06:08 (2100 turns).

woundedspider the Caller (Merfolk Summoner)         Turns: 2100, Time: 00:06:09

Health: 0/24       AC:  5    Str:  8    XL:     3   Next: 16%
Magic:  2/7        EV: 10    Int: 15    God:
Gold:   108        SH:  0    Dex: 14    Spells: 4/7 levels left

rFire    . . .     SeeInvis .   d - +0 mace
rCold    . . .     Gourm    .   (no shield)
rNeg     . . .     Faith    .   g - +0 ring mail
rPois    .         Spirit   .   (no helmet)
rElec    .         Reflect  .   (no cloak)
rCorr    .         Harm     .   (no gloves)
MR       .....                  (no boots)
Stlth    +.........             (no amulet)
HPRegen  0.08/turn              (no ring)
MPRegen  0.10/turn              (no ring)

@: lethally poisoned (0 -> -6), very slightly contaminated
A: change form in water, swift swim, stealthy swim
a: no special abilities


You were on level 2 of the Dungeon.
You were not hungry.

You visited 1 branch of the dungeon, and saw 2 of its levels.

You collected 108 gold pieces.

Inventory:

Hand Weapons
 b - a +0 club
 d - a +0 mace (weapon)
 q - a -3 spear
Armour
 a - a +0 robe
 g - a +0 ring mail (worn)
 k - a +0 leather armour
Jewellery
 h - a +3 ring of dexterity {unknown}
Scrolls
 e - a scroll of blinking {unknown}
 f - 3 scrolls of remove curse
 j - a scroll of enchant weapon {unknown}
 l - a scroll of immolation {unknown}
 n - a scroll of fear {unknown}
 r - a scroll of identify {unknown}
Potions
 i - a potion of lignification {unknown}
 m - 2 potions of curing {unknown}
 o - a potion of berserk rage {unknown}
 p - a potion of brilliance {unknown}
Comestibles
 c - 3 rations
 s - a chunk of flesh


   Skills:
 - Level 2.6 Dodging
 - Level 2.1 Stealth
 + Level 2.7 Spellcasting
 + Level 4.5 Summonings


You had 4 spell levels left.
You knew the following spells:

 Your Spells              Type           Power        Failure   Level  Hunger
a - Summon Small Mammal   Summ           ###.         10%         1    #......
b - Call Imp              Summ           ###.....     16%         2    ##.....

Your spell library contained the following spells:

 Spells                   Type           Power        Failure   Level  Hunger
 Call Canine Familiar     Summ           ###.....     30%         3    ###....
 Summon Guardian Golem    Hex/Summ       #.......     58%         3    ###....
 Summon Ice Beast         Ice/Summ       #.......     94%         4    #####..
 Summon Lightning Spire   Summ/Air       #.......     94%         4    #####..


Dungeon Overview and Level Annotations

Branches:
Dungeon (2/15)

Altars:
Xom


Message History

Your shadow imp hits the worm.
The worm bites your shadow imp!
Your shadow imp dies!
The worm bites you.
There is a stone staircase leading up here.
You sock the worm!
The worm is almost dead.
The worm bites you!
* * * LOW HITPOINT WARNING * * *
Your crimson imp hits the worm.
The worm dies!
An adder comes into view.
Your crimson imp blinks!
You barely miss the adder. The adder bites you.
* * * LOW HITPOINT WARNING * * *
You are lethally poisoned!
The adder poisons you!
Your crimson imp blinks!
The adder barely misses you.
You die...

# ##.......#
.#........#######
##..#.....##.....##
...#..............##
#...............<#
#................#
#...5..§.........# .
#.........^......# ...
####.......@........#
...###..........S........#
....†<.###..............##
##.########..[..##.....#
##. #.....#### ######
...#####.#####
#.........## ##.##.###..##
###....# ##..###


You could see an adder and a friendly crimson imp.

Vanquished Creatures
  2 dart slugs
  A leopard gecko (D:2)
  2 bats
  A giant cockroach (D:2)
  A hobgoblin (D:1)
  3 jackals (D:1)
  A frilled lizard (D:2)
  A kobold (D:1)
  2 rats (D:1)
14 creatures vanquished.

Vanquished Creatures (collateral kills)
  2 worms (D:2)
  A leopard gecko (D:1)
  A bat (D:2)
  2 goblins (D:2)
  2 hobgoblins (D:1)
  3 jackals
11 creatures vanquished.

Vanquished Creatures (others)
  3 toadstools (D:1)
3 creatures vanquished.

Grand Total: 28 creatures vanquished

Notes
Turn   | Place    | Note
-------+----------+-------------------------------------------
     0 | D:1      | woundedspider the Merfolk Summoner began the quest for the
                  | Orb.
     0 | D:1      | Reached XP level 1. HP: 13/13 MP: 3/3
   288 | D:1      | Reached XP level 2. HP: 19/19 MP: 5/5
   355 | D:1      | Found a shimmering altar of Xom.
  1781 | D:1      | Learned a level 2 spell: Call Imp
  1847 | D:2      | Reached XP level 3. HP: 24/24 MP: 1/6
  2099 | D:2      | HP: 1/24 [adder (2)]
  2100 | D:2      | Succumbed to an adder's poison

Vault maps used:
D:1:      minmay_arrival_doors, minmay_gold_behind_fungi, kennysheep_flooded_box
D:2:      uniq_crazy_yiuf_cottage

Action                   || total
-------------------------++-------
Melee: Mace              ||    65
       Club              ||     3
       Unarmed           ||     1
 Cast: Summon Small Mamm ||    27
       Call Imp          ||     8
  Use: Scroll            ||     1
 Stab: Sleeping          ||     1
  Eat: Chunk             ||     5
Armor: Ring mail         ||    78
Dodge: Dodged            ||    97

Table legend:
 A = Non-vault XP
 B = Vault XP
 C = Vault XP percentage of total XP
 D = Non-vault monster count
 E = Vault monster count
 F = Vault count percentage of total count
                 A         B        C        D         E       F
            +---------+---------+-------+---------+---------+-------
      Total |      42 |       0 |   0.0 |      25 |       0 |   0.0
            +---------+---------+-------+---------+---------+-------
        D:1 |      21 |       0 |   0.0 |      14 |       0 |   0.0
        D:2 |      21 |       0 |   0.0 |      11 |       0 |   0.0
            +---------+---------+-------+---------+---------+-------
